AoeStats
← Morgen frei man

Arena

510601783Analyzed
4v4 RM · 2d ago on Oct 1, 2026· 53m 18s· 8 players
Game mode
Random Map
Map size
Large (8 player)
Population
200
Speed
Normal
Resources
Standard
Victory
Conquest
Starting age
Dark Age
Ending age
Imperial Age
RankedLock teamsTeams togetherTeam positionsShared explorationLock speedFull tech treeHidden civsTurbo modeCheats
Victory
Defeat
🇺🇸 Teutons · United States
1054
+12
🇦🇹 Chinese · Austria
1046
+13
🇺🇸 Japanese · United States
989
+15
🇨🇳 Turks · China
919
+19
🇺🇦 Burgundians · Ukraine
996
-16
🇫🇷 Franks · France
982
-15
957
-14
🇩🇪 Franks · Germany
949
-41
alexggg56
7:58 Loom
10:46 Feudal Age
15:18 Castle Age
13:36 Double-Bit Axe
23:51 Bow Saw
25:33 Wheelbarrow
25:49 Gold Mining
25:51 Stone Mining
25:53 Town Watch
28:04 Gold Shaft Mining
27:56 Hand Cart
27:42 Town Patrol
27:31 Treadmill Crane
28:02 Masonry
27:49 Murder Holes
28:15 Ballistics
28:04 Scale Mail Armor
28:15 Forging
28:09 Squires
27:55 Arson
31:41 Imperial Age
29:50 Chain Mail Armor
30:25 Fortified Wall
30:54 Iron Casting
30:36 Fletching
30:52 Scale Barding Armor
30:57 Light Cavalry
31:37 Husbandry
32:22 Bodkin Arrow
32:29 Pikeman
33:42 Plate Mail Armor
34:13 Blast Furnace
33:34 Chain Barding Armor
33:38 Conscription
34:07 Architecture
34:38 Chemistry
33:28 Elite Throwing Axeman
34:10 Chivalry
36:58 Siege Engineers
39:42 Plate Barding Armor
Morgen frei man
13:08 Feudal Age
12:23 Loom
15:13 Wheelbarrow
14:40 Town Watch
15:48 Double-Bit Axe
18:16 Castle Age
19:25 Forging
19:15 Scale Mail Armor
23:04 Hand Cart
22:55 Town Patrol
23:43 Scale Barding Armor
25:56 Gold Mining
26:22 Bow Saw
28:25 Husbandry
32:55 Imperial Age
31:17 Masonry
32:58 Chain Barding Armor
32:53 Fortified Wall
33:43 Iron Casting
33:17 Cavalier
35:43 Gold Shaft Mining
36:21 Blast Furnace
35:57 Paladin
36:51 Chivalry
37:13 Conscription
37:29 Stone Mining
38:20 Plate Barding Armor
38:09 Murder Holes
Aegon the first of his name
11:18 Feudal Age
15:49 Castle Age
13:35 Horse Collar
14:07 Double-Bit Axe
15:06 Gold Mining
16:55 Heavy Plow
17:08 Bow Saw
21:15 Wheelbarrow
24:26 Hand Cart
24:58 Stone Mining
28:02 Gold Shaft Mining
32:38 Imperial Age
30:19 Ballistas
29:57 Pikeman
30:39 Squires
30:44 Scale Mail Armor
33:14 Chain Mail Armor
33:10 Forging
34:35 Conscription
35:16 Heavy Scorpion
35:22 Man-at-Arms
35:22 Halberdier
35:43 Capped Ram
37:03 Iron Casting
44:17 Chemistry
43:38 Ballistics
43:54 Crop Rotation
44:48 Siege Ram
sparttanez
5:27 Double-Bit Axe
7:54 Horse Collar
11:29 Feudal Age
15:29 Castle Age
13:51 Bow Saw
15:17 Wheelbarrow
20:16 Hand Cart
21:30 Gold Mining
24:51 Heavy Plow
28:40 Imperial Age
25:57 Town Watch
26:13 Stone Mining
27:59 Gold Shaft Mining
27:49 Scale Barding Armor
27:55 Forging
28:29 Husbandry
27:49 Cavalier
28:20 Treadmill Crane
28:53 Fortified Wall
28:54 Masonry
29:09 Chain Barding Armor
28:41 Fletching
30:08 Iron Casting
29:57 Paladin
31:59 Plate Barding Armor
31:37 Loom
33:10 Blast Furnace
38:06 Bodkin Arrow
39:17 Chemistry
38:48 Architecture
40:54 Caravan
41:25 Coinage
41:06 Guilds
40:58 Bracer
42:34 Stone Shaft Mining
43:14 Conscription
43:30 Hoardings
43:00 Padded Archer Armor
44:07 Banking
45:02 Light Cavalry
46:56 Hussar
51:10 Two-Man Saw
50:43 Crop Rotation
50:16 Scale Mail Armor
50:32 Leather Archer Armor
50:22 Squires
50:08 Arson
49:43 Pikeman
49:44 Man-at-Arms
51:47 Flemish Revolution
711WasAPartTimeJob
11:23 Feudal Age
12:51 Loom
16:59 Castle Age
14:54 Double-Bit Axe
15:15 Horse Collar
17:07 Scale Mail Armor
18:24 Bow Saw
18:22 Heavy Plow
19:48 Stone Mining
21:28 Gold Mining
23:10 Wheelbarrow
22:22 Town Watch
25:34 Hand Cart
29:12 Imperial Age
26:32 Arson
27:38 Chain Mail Armor
27:34 Forging
27:29 Squires
27:36 Pikeman
28:40 Ironclad
28:26 Caravan
30:36 Iron Casting
29:58 Capped Ram
34:17 Plate Mail Armor
33:54 Elite Teutonic Knight
36:51 Blast Furnace
38:32 Fletching
39:30 Bodkin Arrow
41:25 Conscription
41:29 Halberdier
47:06 Crenellations
48:01 Siege Engineers
48:58 Chemistry
48:19 Ballistics
ifitsReal
10:30 Feudal Age
14:51 Castle Age
13:56 Horse Collar
14:04 Double-Bit Axe
16:02 Bow Saw
21:20 Heavy Plow
21:29 Gold Mining
23:39 Gold Shaft Mining
26:25 Wheelbarrow
25:44 Stone Mining
30:01 Imperial Age
28:07 Hand Cart
27:37 Town Watch
27:57 Scale Mail Armor
28:08 Forging
27:48 Fletching
28:25 Treadmill Crane
28:55 Fortified Wall
29:05 Ballistics
30:05 Chain Mail Armor
30:26 Iron Casting
30:11 Masonry
30:50 Man-at-Arms
31:30 Squires
31:16 Gambesons
31:18 Arson
32:40 Chemistry
31:46 Siege Engineers
32:12 Plate Mail Armor
32:52 Two-Man Saw
31:42 Long Swordsman
32:35 Town Patrol
32:41 Pikeman
34:29 Blast Furnace
33:24 Bodkin Arrow
33:33 Padded Archer Armor
33:20 Two-Handed Swordsman
34:30 Murder Holes
34:26 Guard Tower
34:22 Arrowslits
34:54 Champion
34:54 Halberdier
35:49 Thumb Ring
35:04 Elite Skirmisher
36:34 Kataparuto
37:15 Conscription
38:24 Hoardings
37:52 Caravan
38:23 Coinage
37:56 Elite Samurai
38:57 Bracer
39:12 Leather Archer Armor
42:23 Banking
45:34 Yasama
48:53 Ring Archer Armor
48:31 Scale Barding Armor
49:03 Keep
50:35 Loom
dissdisshit
0:35 Loom
9:51 Feudal Age
16:19 Castle Age
14:28 Double-Bit Axe
14:52 Stone Mining
15:43 Horse Collar
17:38 Wheelbarrow
17:15 Bow Saw
18:40 Stone Shaft Mining
18:14 Heavy Plow
19:18 Gold Mining
21:11 Hand Cart
21:44 Gold Shaft Mining
21:46 Town Watch
22:43 Town Patrol
25:07 Padded Archer Armor
26:02 Fletching
28:01 Fervor
30:11 Masonry
33:34 Imperial Age
33:32 Pikeman
34:57 Forging
34:43 Bodkin Arrow
35:35 Architecture
38:11 Careening
37:59 Murder Holes
40:51 Pikeman
41:35 Squires
44:59 Chemistry
48:35 Halberdier
52:11 Scale Mail Armor
54:01 Two-Man Saw
53:55 Iron Casting
53:10 Arson
林北干林娘。
0:29 Loom
10:48 Feudal Age
11:23 Double-Bit Axe
20:08 Castle Age
18:52 Horse Collar
20:17 Gold Mining
21:40 Bow Saw
28:55 Imperial Age
27:11 Heavy Plow
27:27 Forging
27:25 Scale Barding Armor
29:03 Wheelbarrow
28:14 Town Watch
28:29 Stone Mining
30:52 Bloodlines
31:28 Gold Shaft Mining
31:34 Town Patrol
33:23 Hand Cart
34:51 Heavy Camel Rider
35:50 Murder Holes
38:51 Iron Casting
39:44 Elite Janissary
41:47 Conscription
42:06 Chain Barding Armor
45:40 Artillery
46:41 Fortified Wall
46:45 Padded Archer Armor
53:01 Two-Man Saw
Connection lost

Rejoining the realm…

Still unreachable

The connection could not be restored.

Session expired

The server has moved on; the page needs a fresh start.